 Dungeon Crawl Stone Soup version 0.14-a0-1546-g4b4961f (webtiles) character file.

212 HollowCharge the Slasher (level 4, -3/33 HPs)
             Began as a High Elf Skald on Dec 19, 2013.
             Killed by divine providence
             ... invoked by an orc priest
              (11 damage)
             ... on Level 3 of the Dungeon.
             The game lasted 00:14:49 (3439 turns).

HollowCharge the Slasher (High Elf Skald)           Turns: 3439, Time: 00:14:49

HP  -3/33        AC  8     Str 12      XL: 4   Next: 98%
MP  11/11        EV  8     Int 13      God:
Gold 76          SH  7     Dex 15      Spells:  3 memorised,  2 levels left

rFire  . . .     SeeInvis .     a - +0 elf falchion
rCold  . . .     Clarity  .     h - +0 ring mail
rNeg   . . .     Conserve .     p - +0 buckler
rPois  .         rCorr    .     (no helmet)
rElec  .         rRot     .     (no cloak)
SustAb . .       Spirit   .     m - +0 pair of gloves
rMut   .         Warding  .     i - +0 pair of boots
Saprov . . .     Stasis   .     (no amulet)
                                (no ring)
                                (no ring)

@: mildly poisoned, slightly resistant to hostile enchantments, very unstealthy
A: talons 1, rugged brown scales 1, dopey 1
a: no special abilities


You were on level 3 of the Dungeon.
You were not hungry.

You visited 1 branch of the dungeon, and saw 3 of its levels.

You collected 76 gold pieces.

Inventory:

Hand weapons
 a - a +0,+0 elven falchion (weapon)
 r - a -1,+1 orcish falchion
Armour
 b - a +0 elven leather armour
 h - a +0 ring mail (worn)
 i - a +0 pair of boots (worn)
 m - a +0 pair of gloves (worn)
 p - a +0 buckler (worn)
Comestibles
 d - 2 bread rations
 f - a pear
 g - a lemon
 j - a rotting chunk of giant newt flesh
 q - a meat ration
Scrolls
 e - a scroll of identify
 l - 2 scrolls of remove curse {unknown}
 o - a scroll of teleportation {unknown}
Books
 c - a book of Battle

   Spells                             Type                      Level
   *Infusion                          Charms                       1
   *Shroud of Golubria                Charms/Translocation         2
   *Song of Slaying                   Charms                       2
   Spectral Weapon                    Hexes/Charms                 3
   Regeneration                       Charms/Necromancy            3
Magical staves
 n - an uncursed staff of conjuration {unknown}


   Skills:
 + Level 4.0 Fighting
 + Level 4.6 Long Blades
 - Level 0.8 Armour
 - Level 1.1 Dodging
 - Level 2.4 Spellcasting
 - Level 3.6 Charms


You had 2 spell levels left.
You knew the following spells:

 Your Spells              Type           Power        Failure   Level  Hunger
a - Infusion              Chrm           ##....       21%         1    #......
b - Song of Slaying       Chrm           ##......     34%         2    ###....
c - Shroud of Golubria    Chrm/Tloc      #.........   75%         2    ###....


Dungeon Overview and Level Annotations

Branches:
Dungeon (3/16)

Altars:


Innate Abilities, Weirdness & Mutations

You have sharp toenails.
You are partially covered in rugged brown scales (AC +1, +3% HP).
You are dopey. (Int -2)


Message History

[Y]es or [N]o only, please.
Really abort (and waste the scroll)? [Y]es or [N]o only, please.
Really abort (and waste the scroll)? [Y]es or [N]o only, please.
Really abort (and waste the scroll)? [Y]es or [N]o only, please.
Really abort (and waste the scroll)? [Y]es or [N]o only, please.
Really abort (and waste the scroll)? [Y]es or [N]o only, please.
Really abort (and waste the scroll)? [Y]es or [N]o only, please.
Really abort (and waste the scroll)?
Okay, then.
The orc wizard hits you with an orcish dagger.
* * * LOW HITPOINT WARNING * * *
The orc priest mumbles some strange prayers to Beogh against you.
Something smites you!
You die...

.. #....###.. ...###.........
................. ...
................. .....
########...###... .... #...# #...
#...# . #...
##############...###o...######...
............!...@o.o.............
.................oo..............
##############...................
..#.#...#...#......###...####...#
.#...#..#..#.......# #...# #...#
#.....#.#.#........# #...# #...#
.......###.........# #...# #...#
..........%........# #...# #...#
...#...#.#...#...#.###...####...#


You could see an orc priest, an orc wizard and 3 orcs.

Vanquished Creatures
  Jessica (D:1)
  6 adders (D:2)
  2 worms (D:2)
  3 giant geckos
  An orc (D:3)
  3 giant cockroaches
  11 goblins
  7 hobgoblins
  5 jackals (D:1)
  A quokka (D:2)
  3 bats
  5 giant newts
  5 kobolds
  2 rats (D:2)
55 creatures vanquished.

Notes
Turn   | Place    | Note
--------------------------------------------------------------
     0 | D:1      | HollowCharge, the High Elf Skald, began the quest for the Orb.
     0 | D:1      | Reached XP level 1. HP: 14/14 MP: 4/4
   311 | D:1      | Reached XP level 2. HP: 9/20 MP: 1/6
   940 | D:1      | Gained mutation: You are dopey. (Int -2) [potion of mutation]
   940 | D:1      | Gained mutation: You are partially covered in rugged brown scales (AC +1, +3% HP). [potion of mutation]
   940 | D:1      | Gained mutation: You have sharp toenails. [potion of mutation]
  1216 | D:2      | Reached XP level 3. HP: 17/25 MP: 8/8
  1489 | D:2      | Noticed Jessica
  1510 | D:1      | Killed Jessica
  2134 | D:2      | Reached skill level 4 in Long Blades
  2134 | D:2      | Reached XP level 4. HP: 15/31 MP: 11/11
  2398 | D:2      | Learned a level 2 spell: Song of Slaying
  2401 | D:2      | Learned a level 2 spell: Shroud of Golubria
  3439 | D:3      | Killed from afar by an orc priest

Action                   |  1- 3 |  4- 6 || total
-------------------------+-------+-------++-------
Melee: Falchion          |   124 |   100 ||   224
 Cast: Infusion          |     5 |     9 ||    14
  Use: Potion            |     4 |     2 ||     6
       Scroll            |     3 |     2 ||     5
